AoeStats
← meditator27

African Clearing

506803807Analyzed
4v4 RM · 17d ago on Sep 15, 2026· 29m 21s· 8 players
Game mode
Random Map
Map size
Large (8 player)
Population
200
Speed
Normal
Resources
Standard
Victory
Conquest
Starting age
Dark Age
Ending age
Imperial Age
RankedLock teamsTeams togetherTeam positionsShared explorationLock speedFull tech treeHidden civsTurbo modeCheats
Victory
Defeat
🇨🇳 Celts · China
1270
+14
🇹🇼 Huns · Taiwan
1257
+15
🇸🇪 Franks · Sweden
1247
+15
🇪🇸 Japanese · Spain
1183
+19
🇮🇳 Burmese · India
1270
-17
🇦🇺 Maya · Australia
1268
-17
🇨🇳 Teutons · China
1207
-15
🇨🇳 Teutons · China
1192
-14
meditator27
4:24 Loom
13:33 Feudal Age
17:31 Castle Age
15:43 Double-Bit Axe
18:30 Bow Saw
19:28 Horse Collar
20:01 Fletching
21:05 Wheelbarrow
22:14 Bodkin Arrow
26:13 Bloodlines
27:44 Padded Archer Armor
28:26 Ballistics
29:45 Heavy Plow
Jhois
5:42 Loom
13:26 Feudal Age
18:50 Castle Age
17:41 Scale Barding Armor
17:51 Forging
20:31 Husbandry
20:56 Chain Barding Armor
22:31 Gold Mining
野象
10:54 Loom
13:17 Feudal Age
15:26 Fletching
15:24 Double-Bit Axe
19:32 Castle Age
20:42 Bow Saw
Agapito di Sousa
8:43 Loom
16:10 Feudal Age
17:00 Double-Bit Axe
17:51 Fishing Lines
21:14 Castle Age
20:21 Fletching
20:59 Padded Archer Armor
22:24 Bow Saw
22:38 Gillnets
23:45 Husbandry
24:02 Town Watch
27:04 Bodkin Arrow
30:09 Wheelbarrow
不知天上水
14:29 Feudal Age
18:41 Castle Age
16:53 Double-Bit Axe
17:39 Horse Collar
19:08 Bloodlines
juju9292
14:50 Feudal Age
13:42 Loom
15:47 Double-Bit Axe
19:59 Castle Age
18:00 Horse Collar
20:21 Wheelbarrow
21:47 Bow Saw
22:17 Scale Barding Armor
22:22 Forging
22:19 Gold Mining
25:09 Heavy Plow
31:32 Imperial Age
29:46 Fortified Wall
raw0000
4:12 Loom
13:09 Feudal Age
13:39 Horse Collar
20:22 Castle Age
24:53 Heavy Plow
furkanonal2018
4:44 Loom
13:43 Feudal Age
14:34 Double-Bit Axe
16:19 Scale Mail Armor
21:59 Castle Age
22:41 Gold Mining
22:52 Eagle Warrior
23:31 Horse Collar
Connection lost

Rejoining the realm…

Still unreachable

The connection could not be restored.

Session expired

The server has moved on; the page needs a fresh start.